 Dungeon Crawl Stone Soup version 0.23-a0-690-g0a1fc62 (webtiles) character file.

122 galech the Skirmisher (level 4, 0/54 HPs)
             Began as a Demonspawn Fighter on Jan 11, 2019.
             Succumbed to an orc priest's poison
             ... on level 3 of the Dungeon.
             The game lasted 00:01:18 (1270 turns).

galech the Skirmisher (Demonspawn Fighter)          Turns: 1270, Time: 00:01:19

Health: 0/54       AC: 12    Str: 22    XL:     4   Next: 78%
Magic:  4/4        EV:  5    Int:  9    God:
Gold:   108        SH:  9    Dex: 13    Spells: 3/3 levels left

rFire    . . .     SeeInvis .   a - +0 war axe
rCold    . . .     Gourm    .   c - +0 shield
rNeg     . . .     Faith    .   k - +0 chain mail
rPois    .         Spirit   .   m - +0 helmet
rElec    .         Reflect  .   (no cloak)
rCorr    .         Harm     .   (no gloves)
MR       .....                  (no boots)
Stlth    ..........             (no amulet)
HPRegen  0.18/turn              (no ring)
MPRegen  0.09/turn              (no ring)

@: berserking (expiring), lethally poisoned (0 -> -7), very quick
A: hooves 1, slimy green scales 1, rot immunity
a: no special abilities


You were on level 3 of the Dungeon.
You were not hungry.

You visited 1 branch of the dungeon, and saw 3 of its levels.

You collected 108 gold pieces.

Inventory:

Hand Weapons
 a - a +0 war axe (weapon)
Armour
 b - a +0 scale mail
 c - a +0 shield (worn)
 k - a +0 chain mail (worn)
 m - a +0 helmet (worn)
 r - a +2 robe of cold resistance
Scrolls
 e - 2 scrolls of enchant weapon {unknown}
 g - 2 scrolls of fog {unknown}
 j - a scroll of fear {unknown}
 l - a scroll of teleportation {unknown}
 n - a scroll of immolation {unknown}
 p - 3 scrolls of remove curse {unknown}
 s - a scroll of identify {unknown}
Potions
 d - a potion of might
 o - a potion of curing {unknown}
Comestibles
 f - 3 rations
 i - a chunk of flesh


   Skills:
 + Level 3.6 Fighting
 + Level 3.1 Axes
 + Level 3.3 Armour
 + Level 0.6 Dodging
 + Level 3.1 Shields


You had 3 spell levels left.
You didn't know any spells.
Your spell library contained the following spells:

 Spells                   Type           Power        Failure   Level  Hunger
 Confusing Touch          Hex            #.....       100%        1    ##.....
 Confuse                  Hex            #.......     100%        3    ####...
 Gell's Gravitas          Tloc           #.........   100%        3    ####...
 Petrify                  Tmut/Erth      #.......     100%        4    #####..
 Metabolic Englaciation   Hex/Ice        #.........   100%        5    ######.
 Yara's Violent Unravell  Hex/Tmut       #.........   100%        5    ######.


Dungeon Overview and Level Annotations

Branches:
Dungeon (3/15)

Altars:
Ashenzari
Dithmenos


Innate Abilities, Weirdness & Mutations

You have large cloven feet.
You are partially covered in slimy green scales. (AC +2)
You are immune to rotting.


Message History

You feel sick.
The orc priest hits you with a +0 trident of freezing.
* * * LOW HITPOINT WARNING * * *
The orc priest freezes you.
* * * LOW HITPOINT WARNING * * *
Things that are here:
a +0 mace; 12 gold pieces; an orc corpse You are too berserk!
You barely miss the orc priest. Your kick misses the orc priest.
* * * LOW HITPOINT WARNING * * *
You feel sick.
The orc priest miscasts a cantrip.
You slash the orc priest! Your kick misses the orc priest.
The orc priest is severely wounded.
* * * LOW HITPOINT WARNING * * *
You feel sick.
You slash the orc priest!
You kill the orc priest!
Your Axes skill increases to level 3!
You die...

..## #..# #..#
###..# ....#
#+# #..# #.#
#.<#
#..###)###..#
#...o.@.....#
..>...###.##.#
..... .......#
#### #########


You could see an orc priest.

Vanquished Creatures
  2 orc priests (D:3)
  Jessica (D:2)
  An adder (D:2)
  A worm (D:2)
  A dart slug (D:1)
  A leopard gecko (D:2)
  An orc (D:3)
  A bat (D:1)
  2 giant cockroaches (D:2)
  2 goblins (D:1)
  3 hobgoblins
  3 kobolds (D:2)
  A frilled lizard (D:1)
  3 rats
23 creatures vanquished.

Notes
Turn   | Place    | Note
-------+----------+-------------------------------------------
     0 | D:1      | galech the Demonspawn Fighter began the quest for the Orb.
     0 | D:1      | Reached XP level 1. HP: 18/18 MP: 1/1
   238 | D:1      | Gained mutation: You are partially covered in slimy green
                  | scales. (AC +2) [demonic ancestry]
   238 | D:1      | Reached XP level 2. HP: 13/24 MP: 2/2
   744 | D:2      | Found a shadowy altar of Dithmenos.
   807 | D:2      | Found a shattered altar of Ashenzari.
   917 | D:2      | Gained mutation: You have large cloven feet. [demonic
                  | ancestry]
   917 | D:2      | Reached XP level 3. HP: 26/29 MP: 3/3
   969 | D:2      | Noticed Jessica
   976 | D:2      | Killed Jessica
  1266 | D:3      | Gained mutation: You are immune to rotting. [demonic
                  | ancestry]
  1266 | D:3      | Reached XP level 4. HP: 7/35 MP: 4/4
  1268 | D:3      | HP: 2/52 [poisoned by an orc priest]
  1270 | D:3      | Succumbed to an orc priest's poison

Vault maps used:
D:1:      psy_arrival_terrarium, minmay_3d_cube
D:2:      nicolae_dithmenos_shadow_blocks, nicolae_overflow_crystal_walls,
          uniq_jessica
D:3:      lemuel_doored_altar, first_ration

Skill      XL: |  1  2  3  4 |
---------------+-------------+-----
Armour         | 3 |  3.3
Axes           | 2 3 |  3.1
Shields        | 3 |  3.1
Fighting       | |  3.6
Dodging        | |  0.6

Action                   |  1- 3 |  4- 6 || total
-------------------------+-------+-------++-------
Melee: War axe           |    66 |     3 ||    69
       Kick              |     4 |       ||     4
  Use: Potion            |     2 |       ||     2
  Eat: Chunk             |     1 |       ||     1
Armor: Scale mail        |    16 |       ||    16
       Chain mail        |    12 |       ||    12
Dodge: Dodged            |     9 |       ||     9
Block: Shield            |    39 |       ||    39

Table legend:
 A = Non-vault XP
 B = Vault XP
 C = Vault XP percentage of total XP
 D = Non-vault monster count
 E = Vault monster count
 F = Vault count percentage of total count
                 A         B        C        D         E       F
            +---------+---------+-------+---------+---------+-------
      Total |     129 |      46 |  26.3 |      18 |       5 |  21.7
            +---------+---------+-------+---------+---------+-------
        D:1 |       8 |       9 |  52.9 |       5 |       4 |  44.4
        D:2 |      34 |      37 |  52.1 |      10 |       1 |   9.1
        D:3 |      87 |       0 |   0.0 |       3 |       0 |   0.0
            +---------+---------+-------+---------+---------+-------
